 Dungeon Crawl Stone Soup version 0.18.1-5-g4a78601 (webtiles) character file.

10347 kae the Severer (level 11, -9/88 HPs)
             Began as a Deep Dwarf Fighter on May 10, 2016.
             Was a High Priest of Makhleb.
             Mangled by a black mamba (13 damage)
             ... on level 1 of the Lair of Beasts on May 13, 2016.
             The game lasted 00:22:09 (7550 turns).

kae the Severer (Deep Dwarf Fighter)                Turns: 7550, Time: 00:22:10

Health: -9/88      AC: 15    Str: 20    XL:     11   Next: 35%
Magic:  9/9        EV:  8    Int: 12    God:    Makhleb [*****.]
Gold:   598        SH:  9    Dex: 15    Spells: 0 memorised, 10 levels left

rFire  . . .     SeeInvis .     a - +1 war axe
rCold  . . .     Gourm    .     u - +4 ring mail {rN+}
rNeg   + + .     Faith    .     c - +0 shield
rPois  .         Spirit   .     t - +2 helmet {Int+3}
rElec  .         Dismiss  .     f - +0 cloak
rCorr  .         Reflect  .     (no gloves)
SustAt .         Harm     .     g - +0 pair of boots
MR     +....                    p - amulet of rage
Stlth  +.........               (no ring)
                                E - ring of positive energy

@: lethally poisoned (-9 -> -9), non-regenerating, somewhat resistant to hostile
enchantments, very unstealthy
A: damage resistance, recharge devices, sense surroundings 2, slow regeneration
3
a: Device Recharging, Minor Destruction, Lesser Servant of Makhleb, Major
Destruction, Greater Servant of Makhleb, Renounce Religion, Evoke Berserk Rage


You were on level 1 of the Lair of Beasts.
You worshipped Makhleb.
Makhleb was extremely pleased with you.
You were not hungry.

You visited 2 branches of the dungeon, and saw 11 of its levels.
You also visited: Bailey.

You collected 768 gold pieces.
You spent 170 gold pieces at shops.

Inventory:

Hand Weapons
 a - a +1 war axe (weapon)
 B - the +1 falchion "Backscratcher" {holy, rN+ Int+4, unknown}
   (You found it on level 7 of the Dungeon)

   It has been blessed by the Shining One to cause great damage to the undead
   and demons.
   It affects your intelligence (+4).
   It protects you from negative energy.
Armour
 c - a +0 shield (worn)
 f - a +0 cloak (worn)
 g - a +0 pair of boots (worn)
 t - a +2 helmet of intelligence (worn)
 u - a +4 ring mail of positive energy (worn)
Jewellery
 p - an amulet of rage (around neck)
 E - a ring of positive energy (left hand)
Wands
 e - a wand of heal wounds (4/9)
 s - a wand of slowing (44/48)
Scrolls
 d - a scroll of identify
 i - 4 scrolls of teleportation
 l - a scroll of enchant weapon
 n - 10 scrolls of remove curse
 q - 2 scrolls of fear
 r - 2 scrolls of amnesia
 w - 2 scrolls of blinking
 x - 4 scrolls of magic mapping
Potions
 h - 2 potions of curing
 j - 7 potions of heal wounds
 m - a potion of haste {unknown}
 A - a potion of invisibility
 C - a potion of ambrosia
Books
 b - a book of the Dragon

   Spells                             Type                      Level
   a - Flame Tongue                   Conjuration/Fire             1
   b - Cause Fear                     Hexes                        4
   c - Bolt of Fire                   Conjuration/Fire             6
   d - Dragon Form                    Transmutation                7
   e - Dragon's Call                  Summoning                    9
 y - a book of Battle

   Spells                             Type                      Level
   a - Infusion                       Charms                       1
   b - Shroud of Golubria             Charms/Translocation         2
   c - Song of Slaying                Charms                       2
   d - Spectral Weapon                Hexes/Charms                 3
   e - Regeneration                   Charms/Necromancy            3
Comestibles
 k - 25 fruits
 o - a slice of pizza
 v - a chunk of flesh
 D - 4 bread rations


   Skills:
 - Level 2.6 Fighting
 - Level 18.0 Axes
 - Level 3.2 Armour
 - Level 3.2 Shields
 + Level 2.4 Invocations


You had 10 spell levels left.
You didn't know any spells.

Dungeon Overview and Level Annotations

Branches:
Dungeon (10/15)            Temple (0/1) D:6            Lair (1/8) D:10
    Orc: D:9-12

Altars:
Dithmenos
Fedhas
Gozag
Makhleb
Nemelex Xobeh
Okawaru
Pakellas
Qazlal
Ru
Sif Muna
Trog
Xom
Yredelemnul
The Shining One

Shops:
D:2 }   D:4 [   D:7 *   D:9 :


Innate Abilities, Weirdness & Mutations

You are resistant to damage.
You can recharge devices by infusing magical energy.
You passively map the area around you.
You do not regenerate naturally.


Message History

You block the black mamba's attack.
The iguana bites you but does no damage.
The black mamba bites you.
* * * LOW HITPOINT WARNING * * *
You are poisoned.
The black mamba poisons you!
You closely miss the black mamba.
The black mamba is severely wounded.
You barely miss the iguana.
The iguana is severely wounded.
The black mamba bites you but does no damage.
The iguana bites you!
* * * LOW HITPOINT WARNING * * *
Drink which item? (? for menu, Esc to quit)
You feel better. The black mamba bites you!
* * * LOW HITPOINT WARNING * * *
You are poisoned.
The black mamba poisons you! You block the iguana's attack.
The black mamba bites you!
You die...

,, ,,, * ### ## #........P
##.#####P# #........## *
.........# *#.........# , +, ,,
.........# +........+ ,
.........# * ........#**** ,
.........##. ,......., *
........... * #Sl.# * * ,
.........# #@#** .##รท##.### #.##
*, ** ###....## ###..# *
........## ##.##'#### ######
.......'.# #........## #.....
.......#.## #.........# #.....
.......#..###........## ###.....
.......##.##.........#####.+.....
........#...+........+.....#.....


You could see a black mamba and an iguana.

Vanquished Creatures
  4 hill giants
  An orc knight (Bailey)
  A manticore (D:10)
  Psyche (D:9)
  2 centaur zombies (D:10)
  A spiny frog (Lair:1)
  A komodo dragon (Lair:1)
  A troll (D:9)
  A two-headed ogre (D:9)
  Menkaure (D:5)
  2 hungry ghosts (D:7)
  A mottled dragon (D:8)
  2 water moccasins (Lair:1)
  A black bear (D:6)
  5 orc warriors
  2 sky beasts
  4 ogres
  7 centaurs
  2 crocodiles (Lair:1)
  A big kobold (D:10)
  5 giant frogs
  6 scorpions
  A water moccasin skeleton (D:8)
  3 wights (D:6)
  19 killer bees
  A howler monkey (D:4)
  3 crimson imps
  4 giant frog zombies
  A centaur skeleton (D:7)
  5 hounds
  3 jellies (D:6)
  Ijyb (D:2)
  8 orc wizards
  3 orc priests
  5 iguanas
  Natasha (thrice) (D:3)
  7 worker ants
  A hound zombie (D:8)
  A worker ant zombie (D:5)
  5 gnolls
  13 adders
  A river rat (D:10)
  2 shadow imps
  An ooze (D:4)
  2 adder skeletons
  7 worms
  A dart slug (D:2)
  5 giant geckos
  30 orcs
  6 giant cockroaches
  20 goblins
  11 hobgoblins
  8 jackals
  16 kobolds
  3 quokkas
  A sheep (D:6)
  A ball python (D:2)
  11 bats
  2 giant newts (D:1)
  A jackal skeleton (D:9)
  14 rats
  A spectral orc (D:7)
  10 fungi (D:10)
  5 plants (D:10)
298 creatures vanquished.

Vanquished Creatures (others)
  2 fungi (D:10)
2 creatures vanquished.

Grand Total: 300 creatures vanquished

Notes
Turn   | Place    | Note
--------------------------------------------------------------
     0 | D:1      | kae the Deep Dwarf Fighter began the quest for the Orb.
     0 | D:1      | Reached XP level 1. HP: 20/20 MP: 1/1
   107 | D:1      | Reached skill level 3 in Axes
   107 | D:1      | Reached XP level 2. HP: 20/27 MP: 2/2
   383 | D:1      | Reached XP level 3. HP: 30/33 MP: 3/3
   413 | D:1      | Reached skill level 4 in Axes
   815 | D:1      | Found a sparkling altar of Nemelex Xobeh.
  1061 | D:2      | Reached XP level 4. HP: 26/40 MP: 4/4
  1134 | D:2      | Reached skill level 5 in Axes
  1195 | D:2      | Noticed Ijyb
  1216 | D:2      | Killed Ijyb
  1261 | D:2      | Found an oddly glowing altar of Pakellas.
  1262 | D:2      | Found Pakellas's Prime Provisions.
  1510 | D:2      | Found a deep blue altar of Sif Muna.
  1746 | D:3      | Noticed Natasha
  1751 | D:3      | Killed Natasha
  1751 | D:3      | Reached skill level 6 in Axes
  1751 | D:3      | Reached XP level 5. HP: 37/46 MP: 5/5
  1762 | D:3      | Noticed Natasha
  1769 | D:3      | Killed Natasha
  1822 | D:3      | Noticed a moth of wrath
  1825 | D:3      | Found a bloodstained altar of Trog.
  2208 | D:3      | Noticed Natasha
  2214 | D:3      | Killed Natasha
  2285 | D:3      | Reached skill level 7 in Axes
  2285 | D:3      | Reached XP level 6. HP: 42/55 MP: 6/6
  2574 | D:4      | Found Jyiros's Antique Armour Shoppe.
  2590 | D:4      | Bought a runed helmet for 90 gold pieces
  2590 | D:4      | Bought a shiny ring mail for 80 gold pieces
  2619 | D:4      | Reached skill level 8 in Axes
  2626 | D:4      | Found a blossoming altar of Fedhas.
  2787 | D:4      | Found a glowing golden altar of the Shining One.
  2882 | D:4      | Reached XP level 7. HP: 40/61 MP: 7/7
  2893 | D:4      | Found a stormy altar of Qazlal.
  2912 | D:4      | Found a shadowy altar of Dithmenos.
  2912 | D:4      | Found a shimmering altar of Xom.
  2985 | D:5      | Entered Level 5 of the Dungeon
  3065 | D:5      | Noticed Menkaure
  3074 | D:5      | Killed Menkaure
  3074 | D:5      | Reached skill level 9 in Axes
  3140 | D:5      | Found a deep blue altar of Sif Muna.
  3218 | D:5      | Found a sacrificial altar of Ru.
  3572 | D:6      | Reached skill level 10 in Axes
  3580 | D:6      | Found a burning altar of Makhleb.
  3586 | D:6      | Reached XP level 8. HP: 37/68 MP: 8/8
  3591 | D:6      | Became a worshipper of Makhleb the Destroyer
  3643 | D:6      | Found a staircase to the Ecumenical Temple.
  3685 | D:6      | Found a shimmering altar of Xom.
  3702 | D:6      | Reached skill level 11 in Axes
  3987 | D:6      | Found a shimmering altar of Xom.
  4106 | D:7      | Reached * piety under Makhleb
  4132 | D:7      | Found an opulent altar of Gozag.
  4135 | D:7      | Found Gozag's Platinum Reserve.
  4148 | D:7      | Found an iron altar of Okawaru.
  4223 | D:7      | Reached skill level 12 in Axes
  4241 | D:7      | Got a polished falchion
  4487 | D:7      | Gained mutation: You passively map the area around you. [Deep Dwarf growth]
  4487 | D:7      | Reached XP level 9. HP: 49/74 MP: 9/9
  4702 | D:7      | Found a basalt altar of Yredelemnul.
  4828 | D:7      | Reached skill level 13 in Axes
  4842 | D:7      | Reached ** piety under Makhleb
  5125 | D:8      | Reached skill level 14 in Axes
  5177 | D:8      | Noticed a hill giant
  5189 | D:8      | Killed a hill giant
  5236 | D:8      | Found a flagged portal.
  5277 | Bailey   | Entered a bailey
  5277 | Bailey   | Noticed an orc knight
  5295 | Bailey   | Reached skill level 15 in Axes
  5295 | Bailey   | Reached XP level 10. HP: 65/81 MP: 10/10
  5300 | Bailey   | Noticed an orc knight
  5314 | Bailey   | Killed an orc knight
  5414 | D:8      | Reached *** piety under Makhleb
  5542 | D:8      | Found a blossoming altar of Fedhas.
  5692 | D:9      | Noticed Psyche
  5709 | D:9      | Killed Psyche
  5709 | D:9      | Reached skill level 16 in Axes
  5759 | D:9      | Found Unogarhoto's Book Emporium.
  6033 | D:9      | Reached **** piety under Makhleb
  6289 | D:10     | Entered Level 10 of the Dungeon
  6400 | D:10     | Noticed a manticore
  6409 | D:10     | Killed a manticore
  6409 | D:10     | Reached skill level 17 in Axes
  6545 | D:10     | Found a staircase to the Lair.
  6640 | D:10     | Reached XP level 11. HP: 70/88 MP: 11/11
  6728 | D:10     | Noticed a hill giant
  6745 | D:10     | Killed a hill giant
  6897 | D:10     | Noticed a hill giant
  6917 | D:10     | Killed a hill giant
  6931 | D:10     | Noticed a hill giant
  6953 | D:10     | Killed a hill giant
  7128 | Lair:1   | Entered Level 1 of the Lair of Beasts
  7152 | Lair:1   | Reached ***** piety under Makhleb
  7220 | Lair:1   | Reached skill level 18 in Axes
  7317 | Lair:1   | Reached skill level 1 in Invocations
  7550 | Lair:1   | HP: 4/88 [black mamba (12)]
  7550 | Lair:1   | Mangled by a black mamba

Skill      XL: |  1  2  3  4  5  6  7  8  9 10 11 |
---------------+----------------------------------+-----
Axes           | 3 4 6 7 8 10 12 15 17 18 | 18.0
Invocations    | 2 |  2.4
Fighting       | |  2.6
Armour         | |  3.2
Shields        | |  3.2

Action                   |  1- 3 |  4- 6 |  7- 9 | 10-12 || total
-------------------------+-------+-------+-------+-------++-------
Melee: War axe           |   129 |   248 |   381 |   443 ||  1201
 Abil: Device Recharging |       |       |       |     3 ||     3
Evoke: Wand              |     1 |     3 |    13 |    14 ||    31
  Use: Scroll            |     2 |     3 |    11 |     2 ||    18
       Potion            |       |       |     3 |     4 ||     7
 Stab: Confused          |       |       |       |     2 ||     2
  Eat: Chunk             |       |     6 |    10 |     9 ||    25
       Bread ration      |       |       |     2 |       ||     2
       Pizza             |       |       |     1 |       ||     1
       Beef jerky        |       |       |     3 |       ||     3
       Fruit             |       |       |     1 |       ||     1
Armor: Scale mail        |    75 |    76 |       |       ||   151
       Ring mail         |       |    13 |   201 |   127 ||   341
       Skin              |       |       |       |    11 ||    11
Dodge: Dodged            |    51 |    71 |   113 |   111 ||   346
Block: Shield            |    71 |   130 |   195 |   156 ||   552
